3AA
CASPER GHOSTS @ BELVEDERE PARK RAWHIDES
05/21/2038
 
TOP OF THE 1ST
Casper Ghosts batting - Pitching for Belvedere Park Rawhides : LHP Kenny James
Pitching: LHP Kenny James
Batting: RHB Luigino Colombo 0-0: Ball
1-0: Foul Ball, location: 2F
1-1: Ground out 3-1 (Groundball, 34, EV 76.9 MPH)
Batting: RHB Thom Scribbner 0-0: Fly out, F7 (Line Drive, 78D, EV 103.8 MPH)
Batting: RHB Walke Mehoff 0-0: Ball
1-0: Fly out, F7 (Flyball, 7D, EV 89.4 MPH)
Top of the 1st over - 0 runs, 0 hits, 0 errors, 0 left on base; Casper 0 - Belvedere Park 0
BOTTOM OF THE 1ST
Belvedere Park Rawhides batting - Pitching for Casper Ghosts : LHP Dave Shepard
Pitching: LHP Dave Shepard
Batting: RHB Enrique De La Rosa 0-0: Called Strike
0-1: Ball
1-1: Foul Ball, location: 2F
1-2: Foul Ball, location: 2F
1-2: Ball
2-2: Ball
3-2: Foul Ball, location: 2F
3-2: Strikes out swinging
Batting: SHB Hélio Capriati 0-0: Ball
1-0: Ball
2-0: Called Strike
2-1: Ball
3-1: Base on Balls
Batting: RHB Roger Snodgrass 0-0: Ball
1-0: Ball
2-0: Ball
3-0: Called Strike
3-1: Called Strike
3-2: Foul Ball, location: 2F
3-2: Foul Ball, location: 2F
3-2: Ground out 6-3 (Groundball, 6, EV 94.4 MPH)
Hélio Capriati to second
Batting: RHB Richello Oliva 0-0: Ball
1-0: Ball
2-0: Fly out, F7 (Flyball, 7, EV 95.6 MPH)
Bottom of the 1st over - 0 runs, 0 hits, 0 errors, 1 left on base; Casper 0 - Belvedere Park 0
TOP OF THE 2ND
Casper Ghosts batting - Pitching for Belvedere Park Rawhides : LHP Kenny James
Batting: RHB Ryung Jae-Wook 0-0: Called Strike
0-1: Foul Ball, location: 2F
0-2: Foul Ball, location: 2F
0-2: Ball
1-2: Foul Ball, location: 2F
1-2: Strikes out looking
Batting: RHB Teok-kyu Pak 0-0: Called Strike
0-1: Ground out 6-3 (Groundball, 6, EV 92.5 MPH)
Batting: RHB Carlos Moreno 0-0: Ball
1-0: Ground out 6-3 (Groundball, 4MS, EV 81.9 MPH)
Top of the 2nd over - 0 runs, 0 hits, 0 errors, 0 left on base; Casper 0 - Belvedere Park 0
BOTTOM OF THE 2ND
Belvedere Park Rawhides batting - Pitching for Casper Ghosts : LHP Dave Shepard
Batting: RHB Junior Young 0-0: Foul Ball, location: 2F
0-1: Ball
1-1: Foul Ball, location: 2F
1-2: Fly out, F7 (Flyball, 7LM, EV 96.9 MPH)
Batting: RHB Edgar Wright 0-0: Swinging Strike
0-1: Swinging Strike
0-2: Strikes out swinging
Batting: RHB Tony Randolph 0-0: Called Strike
0-1: Ball
1-1: Swinging Strike
1-2: Ball
2-2: Ball
3-2: Ground out 4-3 (Groundball, 4, EV 107.5 MPH)
Bottom of the 2nd over - 0 runs, 0 hits, 0 errors, 0 left on base; Casper 0 - Belvedere Park 0
TOP OF THE 3RD
Casper Ghosts batting - Pitching for Belvedere Park Rawhides : LHP Kenny James
Batting: RHB Tatsui Kiyomizu 0-0: Called Strike
0-1: Ground out 4-3 (Groundball, 34, EV 83.8 MPH)
Batting: RHB Magtanggol Florencio 0-0: Called Strike
0-1: Ball
1-1: Ball
2-1: Ball
3-1: Fly out, F7 (Flyball, 7S, EV 80.6 MPH)
Batting: RHB Pedro Ortíz 0-0: Reached on error, E4 (Groundball, 4MS, EV 68.8 MPH)
Batting: RHB Luigino Colombo 0-0: Ball
Pickoff Throw to First - Out! 1-3
Top of the 3rd over - 0 runs, 0 hits, 1 error, 0 left on base; Casper 0 - Belvedere Park 0
BOTTOM OF THE 3RD
Belvedere Park Rawhides batting - Pitching for Casper Ghosts : LHP Dave Shepard
Batting: RHB Adam Cunningham 0-0: Ball
1-0: Called Strike
1-1: Reached on error, E5 (Groundball, 56, EV 90.0 MPH)
Batting: LHB António Muńóz 0-0: Foul Ball, location: 2F
0-1: Called Strike
0-2: Strikes out swinging
Batting: RHB Enrique De La Rosa 0-0: Ball
1-0: Ball
2-0: Ball
3-0: Called Strike
3-1: Base on Balls
Batting: SHB Hélio Capriati 0-0: Fly out, F7 (Line Drive, 7, EV 88.1 MPH)
Batting: RHB Roger Snodgrass 0-0: Called Strike
0-1: Foul Ball, location: 2F
0-2: Foul Ball, location: 2F
0-2: Ball
1-2: Fly out, F8 (Flyball, 8LD, EV 98.8 MPH)
Bottom of the 3rd over - 0 runs, 0 hits, 1 error, 2 left on base; Casper 0 - Belvedere Park 0
TOP OF THE 4TH
Casper Ghosts batting - Pitching for Belvedere Park Rawhides : LHP Kenny James
Batting: RHB Luigino Colombo 0-0: Fly out, F9 (Flyball, 9LSF, EV 95.6 MPH)
Batting: RHB Thom Scribbner 0-0: Ball
1-0: Ball
2-0: SINGLE (Line Drive, 4MD, EV 98.1 MPH)
Batting: RHB Walke Mehoff 0-0: Called Strike
0-1: Ball
1-1: Ball
2-1: Swinging Strike
2-2: Foul Ball, location: 2F
2-2: Foul Ball, location: 2F
2-2: Strikes out swinging
Batting: RHB Ryung Jae-Wook 0-0: Ball
1-0: Ball
2-0: Ball
3-0: Base on Balls
Thom Scribbner to second
Batting: RHB Teok-kyu Pak 0-0: Ball
1-0: Called Strike
1-1: Fly out, F7 (Flyball, 7LM, EV 90.0 MPH)
Top of the 4th over - 0 runs, 1 hit, 0 errors, 2 left on base; Casper 0 - Belvedere Park 0
BOTTOM OF THE 4TH
Belvedere Park Rawhides batting - Pitching for Casper Ghosts : LHP Dave Shepard
Batting: RHB Richello Oliva 0-0: Called Strike
0-1: Ball
1-1: Swinging Strike
1-2: Ball
2-2: Ball
3-2: Strikes out swinging
Batting: RHB Junior Young 0-0: Fly out, F7 (Flyball, 7LS, EV 82.5 MPH)
Batting: RHB Edgar Wright 0-0: Ball
1-0: Ball
2-0: Called Strike
2-1: Ball
3-1: Called Strike
3-2: Base on Balls
Batting: RHB Tony Randolph 0-0: Called Strike
0-1: Foul Ball, location: 2F
0-2: Ball
1-2: Ball
2-2: Foul Ball, location: 7LSF, Error on foul ball, E7
2-2: Ground out 6-3 (Groundball, 6S, EV 63.1 MPH)
Bottom of the 4th over - 0 runs, 0 hits, 1 error, 1 left on base; Casper 0 - Belvedere Park 0
TOP OF THE 5TH
Casper Ghosts batting - Pitching for Belvedere Park Rawhides : LHP Kenny James
Batting: RHB Carlos Moreno 0-0: Foul Ball, location: 2F
0-1: Ball
1-1: Foul Ball, location: 2F
1-2: Foul Ball, location: 2F
1-2: Ground out 6-3 (Groundball, 6, EV 108.1 MPH)
Batting: RHB Tatsui Kiyomizu 0-0: Ball
1-0: Called Strike
1-1: Ground out 6-3 (Groundball, 4MS, EV 90.0 MPH)
Batting: RHB Magtanggol Florencio 0-0: Ball
1-0: Fly out, F8 (Flyball, 8LM, EV 80.6 MPH)
Top of the 5th over - 0 runs, 0 hits, 0 errors, 0 left on base; Casper 0 - Belvedere Park 0
BOTTOM OF THE 5TH
Belvedere Park Rawhides batting - Pitching for Casper Ghosts : LHP Dave Shepard
Batting: RHB Adam Cunningham 0-0: Ball
1-0: Ball
2-0: Called Strike
2-1: Fly out, F5 (Popup, 5S, EV 71.9 MPH)
Batting: LHB António Muńóz 0-0: Swinging Strike
0-1: Called Strike
0-2: Strikes out swinging
Batting: RHB Enrique De La Rosa 0-0: Called Strike
0-1: Called Strike
0-2: Strikes out swinging
Bottom of the 5th over - 0 runs, 0 hits, 0 errors, 0 left on base; Casper 0 - Belvedere Park 0
TOP OF THE 6TH
Casper Ghosts batting - Pitching for Belvedere Park Rawhides : LHP Kenny James
Batting: RHB Pedro Ortíz 0-0: Foul Ball, location: 2F
0-1: Ball
1-1: Called Strike
1-2: Ball
2-2: Ball
3-2: Strikes out swinging
Batting: RHB Luigino Colombo 0-0: Ball
1-0: Ball
2-0: Foul Ball, location: 2F
2-1: Ball
3-1: Foul Ball, location: 2F
3-2: Foul Ball, location: 2F
3-2: Foul Ball, location: 2F
3-2: Ground out 3-1 (Groundball, 34, EV 90.6 MPH)
Batting: RHB Thom Scribbner 0-0: Called Strike
0-1: Foul Ball, location: 2F
0-2: Strikes out looking
Top of the 6th over - 0 runs, 0 hits, 0 errors, 0 left on base; Casper 0 - Belvedere Park 0
BOTTOM OF THE 6TH
Belvedere Park Rawhides batting - Pitching for Casper Ghosts : LHP Dave Shepard
Batting: SHB Hélio Capriati 0-0: Swinging Strike
0-1: Ball
1-1: Ground out 4-3 (Groundball, 4M, EV 103.1 MPH)
Batting: RHB Roger Snodgrass 0-0: Foul Ball, location: 2F
0-1: Swinging Strike
0-2: Ball
1-2: Fly out, F7 (Line Drive, 7, EV 90.6 MPH)
Batting: RHB Richello Oliva 0-0: Ball
1-0: Foul Ball, location: 2F
1-1: Foul Ball, location: 2F
1-2: Ball
2-2: Strikes out swinging
Bottom of the 6th over - 0 runs, 0 hits, 0 errors, 0 left on base; Casper 0 - Belvedere Park 0
TOP OF THE 7TH
Casper Ghosts batting - Pitching for Belvedere Park Rawhides : LHP Kenny James
Batting: RHB Walke Mehoff 0-0: Ball
1-0: Called Strike
1-1: Foul Ball, location: 2F
1-2: Ball
2-2: SINGLE (Line Drive, 4M, EV 93.8 MPH)
Batting: RHB Ryung Jae-Wook 0-0: Ball
1-0: Ball
Wild Pitch!
Walke Mehoff to second
2-0: Called Strike
2-1: Called Strike
2-2: DOUBLE (Line Drive, 7LD, EV 106.2 MPH)
Walke Mehoff scores
Batting: RHB Teok-kyu Pak 0-0: Called Strike
0-1: Swinging Strike
0-2: Ball
1-2: Ground out 4-3 (Groundball, 4S, EV 71.9 MPH)
Ryung Jae-Wook to third
Batting: RHB Carlos Moreno 0-0: Called Strike
0-1: Fly out, F7 (Flyball, 78M, EV 86.9 MPH)
Batting: RHB Tatsui Kiyomizu 0-0: Ball
1-0: Called Strike
1-1: Ball
2-1: Ground out 4-3 (Groundball, 4, EV 100.6 MPH)
Top of the 7th over - 1 run, 2 hits, 0 errors, 1 left on base; Casper 1 - Belvedere Park 0
BOTTOM OF THE 7TH
Belvedere Park Rawhides batting - Pitching for Casper Ghosts : LHP Dave Shepard
Batting: RHB Junior Young 0-0: Ball
1-0: Foul Ball, location: 2F
1-1: Ball
2-1: Foul Ball, location: 2F
2-2: Ground out 4-3 (Groundball, 4, EV 86.9 MPH)
Batting: RHB Edgar Wright 0-0: Called Strike
0-1: Ball
1-1: Called Strike
1-2: Foul Ball, location: 2F
1-2: Ball
2-2: Fly out, F7 (Line Drive, 7, EV 97.5 MPH)
Batting: RHB Tony Randolph 0-0: Called Strike
0-1: Ball
1-1: Fly out, F9 (Flyball, 9, EV 91.2 MPH)
Bottom of the 7th over - 0 runs, 0 hits, 0 errors, 0 left on base; Casper 1 - Belvedere Park 0
TOP OF THE 8TH
Casper Ghosts batting - Pitching for Belvedere Park Rawhides : LHP Kenny James
Pitching: RHP Gregory Powers
Batting: RHB Magtanggol Florencio 0-0: Reached on error, E6 (Groundball, 6, EV 82.5 MPH)
Batting: RHB Pedro Ortíz 0-0: Bunted foul
0-1: Ball
1-1: Ball
2-1: Bunted foul
2-2: Ball
3-2: Base on Balls
Magtanggol Florencio to second
Batting: RHB Luigino Colombo 0-0: Ball
1-0: Ball
2-0: Bunted foul
2-1: Sac Bunt to 15 - play at first, batter OUT! 1-4
Magtanggol Florencio to third
Pedro Ortíz to second
Batting: RHB Thom Scribbner 0-0: Ball
1-0: Foul Ball, location: 2F
1-1: Called Strike
1-2: Foul Ball, location: 2F
1-2: Foul Ball, location: 2F
1-2: Foul Ball, location: 2F
1-2: Ball
2-2: Ball
3-2: Fly out, F8 (Flyball, 8LS, EV 71.9 MPH)
Batting: RHB Walke Mehoff 0-0: Ball
1-0: Ball
2-0: Fly out, F4 (Line Drive, 4, EV 74.4 MPH)
Top of the 8th over - 0 runs, 0 hits, 1 error, 2 left on base; Casper 1 - Belvedere Park 0
BOTTOM OF THE 8TH
Belvedere Park Rawhides batting - Pitching for Casper Ghosts : LHP Dave Shepard
Batting: RHB Adam Cunningham 0-0: Swinging Strike
0-1: Called Strike
0-2: Ball
1-2: Ball
2-2: Foul Ball, location: 2F
2-2: Fly out, F7 (Flyball, 7S, EV 95.0 MPH)
Batting: LHB António Muńóz 0-0: Called Strike
0-1: DOUBLE (Line Drive, 8RXD, EV 106.9 MPH)
Pitching: RHP Marty McFly
Pinch Hitting: LHB Henry Buckley 0-0: Ball
1-0: Ball
2-0: Ball
3-0: Base on Balls
Batting: SHB Hélio Capriati 0-0: Ball
1-0: Fly out, F8 (Flyball, 89M, EV 96.2 MPH)
Runner from 2nd tags up, SAFE at 3rd with throw by CF
Batting: RHB Roger Snodgrass 0-0: Fly out, F4 (Popup, 34, EV 66.2 MPH)
Bottom of the 8th over - 0 runs, 1 hit, 0 errors, 2 left on base; Casper 1 - Belvedere Park 0
TOP OF THE 9TH
Casper Ghosts batting - Pitching for Belvedere Park Rawhides : RHP Gregory Powers
Now in LF: Duane Davis
Batting: RHB Ryung Jae-Wook 0-0: Ball
1-0: Ball
2-0: Called Strike
2-1: Foul Ball, location: 2F
2-2: Strikes out swinging
Batting: RHB Teok-kyu Pak 0-0: Called Strike
0-1: SINGLE (Groundball, 56D, EV 98.1 MPH)
Batting: RHB Carlos Moreno 0-0: Ball
1-0: Called Strike
1-1: Ball
2-1: Called Strike
Teok-kyu Pak steals 2nd base (no throw)
2-2: Ball
3-2: Strikes out swinging
Batting: RHB Tatsui Kiyomizu 0-0: Called Strike
0-1: Called Strike
0-2: Strikes out swinging
Top of the 9th over - 0 runs, 1 hit, 0 errors, 1 left on base; Casper 1 - Belvedere Park 0
BOTTOM OF THE 9TH
Belvedere Park Rawhides batting - Pitching for Casper Ghosts : RHP Marty McFly
Pitching: RHP Anthony Hurst
Batting: RHB Richello Oliva 0-0: Called Strike
0-1: SINGLE (Flyball, 9S, EV 91.9 MPH)
Pinch Hitting: SHB Brian Carr 0-0: Ball
1-0: Foul Ball, location: 2F
1-1: Ball
2-1: Foul Ball, location: 2F
2-2: Strikes out looking
Batting: RHB Edgar Wright 0-0: Called Strike
0-1: Called Strike
0-2: Ball
1-2: Strikes out swinging
Pinch Hitting: LHB Alec Hall 0-0: SINGLE (Groundball, 3D, EV 98.1 MPH)
Richello Oliva to second
Runner from 2nd tries for 3rd, SAFE, throw by RF made to third
Batting: RHB Adam Cunningham 0-0: Foul Ball, location: 2F
0-1: Ball
1-1: Called Strike
1-2: Foul Ball, location: 2F
1-2: Strikes out looking
Bottom of the 9th over - 0 runs, 2 hits, 0 errors, 2 left on base; Casper 1 - Belvedere Park 0
Friday, April 17th, 2020 - OOTP Baseball 20.8 Build 74